 Dungeon Crawl Stone Soup version 0.27-a0-328-g7f782ed93a (webtiles) character file.

Game seed: 3409831781839369031

4076 Nattfarinn the Summoner (level 10, 0/70 HPs)
             Began as a Barachi Summoner on Feb 11, 2021.
             Was a Believer of Cheibriados.
             Slain by a yak (8 damage)
             ... on level 9 of the Dungeon.
             The game lasted 00:37:26 (9894 turns).

Nattfarinn the Summoner (Barachi Summoner)          Turns: 9894, Time: 00:37:27

Health: 0/70       AC:  7    Str: 15    XL:     10   Next: 25%
Magic:  21/27      EV: 12    Int: 34    God:    Cheibriados [**....]
Gold:   646        SH:  5    Dex: 17    Spells: 6/20 levels left

rFire    . . .     SeeInvis +   f - +11 spear of the Lumpy Gods {freeze, rElec MP+9 Int+4 SInv}
rCold    . . .     Faith    .   v - +0 buckler
rNeg     . . .     Spirit   .   j - +0 swamp dragon scales
rPois    +         Reflect  .   (helmet restricted)
rElec    +         Harm     .   (no cloak)
rCorr    .         Rampage  .   (no gloves)
Will     +....                  (no boots)
Stlth    +.........             c - amulet of regeneration
HPRegen  0.61/turn              w - +6 ring of intelligence
MPRegen  0.20/turn              A - ring of willpower

@: very slow
A: +LOS, swims, horns 2, slowness 1, strong legs 1
a: Hop, Renounce Religion, Bend Time


You were on level 9 of the Dungeon.
You worshipped Cheibriados.
Cheibriados was pleased with you.
You visited 2 branches of the dungeon, and saw 10 of its levels.

You collected 1132 gold pieces.
You spent 486 gold pieces at shops.

Inventory:

Hand Weapons
 f - the +11 spear of the Lumpy Gods (weapon) {freeze, rElec MP+9 Int+4 SInv}
   (You found it on level 7 of the Dungeon)

   It has been specially enchanted to freeze those struck by it, causing extra
   injury to most foes and up to half again as much damage against particularly
   susceptible opponents.
   It can also slow down cold-blooded creatures.
   It affects your intelligence (+4).
   It insulates you from electricity.
   It affects your magic capacity (+9).
   It lets you see invisible.
 p - a +5 dagger of venom
Missiles
 B - 8 curare-tipped darts
Armour
 j - +0 swamp dragon scales (worn)
 v - a +0 buckler (worn)
Jewellery
 c - an amulet of regeneration (around neck)
 w - a +6 ring of intelligence (left hand)
 A - a ring of willpower (right hand)
Wands
 m - a wand of paralysis (10)
 q - a wand of mindburst (9)
 s - a wand of acid (14)
 C - a wand of iceblast (5)
Scrolls
 a - 3 scrolls of teleportation
 d - a scroll of amnesia
 e - 2 scrolls of fog
 h - 3 scrolls of fear
 o - 2 scrolls of enchant armour
 u - a scroll of magic mapping {unknown}
 y - a scroll of summoning {unknown}
 z - 3 scrolls of immolation
Potions
 b - 2 potions of might
 g - 2 potions of attraction
 i - a potion of resistance
 l - 2 potions of ambrosia
 n - 2 potions of brilliance
 r - a potion of curing
 x - a potion of cancellation {unknown}
 D - a potion of magic


   Skills:
 - Level 3.1 Fighting
 * Level 7.8 Polearms
 - Level 2.0 Armour
 - Level 2.7 Dodging
 - Level 1.7 Stealth
 - Level 4.0 Shields
 - Level 5.7 Spellcasting
 + Level 9.9 Summonings
 - Level 7.2 Ice Magic


You had 6 spell levels left.
You knew the following spells:

 Your Spells              Type           Power        Failure   Level
a - Summon Small Mammal   Summ           100%         1%          1
b - Call Imp              Summ           67%          1%          2
c - Call Canine Familiar  Summ           67%          1%          3
d - Summon Ice Beast      Ice/Summ       62%          2%          4
e - Summon Lightning Spi  Summ/Air       43%          10%         4

Your spell library contained the following spells:

 Spells                   Type           Power        Failure   Level
 Ensorcelled Hibernation  Hex/Ice        68%          2%          2
 Summon Guardian Golem    Hex/Summ       43%          3%          3
 Corona                   Hex            10%          8%          1
 Sting                    Tmut/Pois      36%          8%          1
 Confusing Touch          Hex            9%           24%         3
 Dazzling Flash           Conj/Hex       18%          24%         3
 Tukima's Dance           Hex            9%           24%         3


Dungeon Overview and Level Annotations

Branches:
Dungeon (9/15)             Temple (1/1) D:6
   Lair: D:8-11         Orc: D:9-12

Altars:
Ashenzari
Cheibriados
Dithmenos
Elyvilon
Gozag
Hepliaklqana
Kikubaaqudgha
Makhleb
Nemelex Xobeh
Okawaru
Qazlal
Ru
Sif Muna
Trog
Uskayaw
Vehumet
Wu Jian
Xom
Yredelemnul
Zin
The Shining One

Shops:
D:6 **[!   D:9 ?

Annotations:
D:2 1 runed translucent door, Crazy Yiuf


Innate Abilities, Weirdness & Mutations

You can be seen from farther away. (+LOS)
You can swim through water.
You cover ground slowly.
You can hop short distances.
You have a pair of horns on your head.


Message History

The yak is heavily wounded.
You block the yak's attack. The yak gores you but does no damage.
You puncture the yak! You freeze the yak.
The yak is almost dead.
The yak completely misses you. The yak barely misses you. The yak gores you.
You completely miss the yak.
The yak is almost dead.
You block the yak's attack. x2; The yak gores you!
The yak barely misses you.
You puncture the yak! You freeze the yak.
You kill the yak!
Cheibriados appreciates the change of pace.
You puncture the yak! You freeze the yak. You headbutt the yak.
The yak is moderately wounded.
The yak gores you! The yak completely misses you. The yak gores you!
* * * LOW HITPOINT WARNING * * *
You are too injured to fight recklessly!
Unknown command.
As you read the scroll of fear, it crumbles to dust.
You assume a fearsome visage.
The yak looks frightened!
The yak resists with some effort.
The yak looks frightened!
The yak gores you.
* * * LOW HITPOINT WARNING * * *
You barely miss the yak. The yak gores you!
* * * LOW HITPOINT WARNING * * *
Okay, then.
Okay, then.
You feel much better. The yak gores you.
* * * LOW HITPOINT WARNING * * *
Casting: Summon Lightning Spire (dangerous; 10% risk of failure)
Confirm with . or Enter, or press ? or * to list all spells.
The yak gores you!
* * * LOW HITPOINT WARNING * * *
Your warg bites the yak!
The yak closely misses you.
Your warg closely misses the yak.
The yak gores you.
* * * LOW HITPOINT WARNING * * *
The yak seems to regain its courage.
Your warg bites the yak.
Your warg bites the yak but does no damage.
Casting: Call Canine Familiar (safe; 1% risk of failure)
Confirm with . or Enter, or press ? or * to list all spells.
An electric hum fills the air.
The yak gores you!
You die...

#.........# #.........#
#.........# #.........#
#.........# #.........#
#.........# #.........#
#.........# #.!...†...#
#.........# #...!.....#
#.........# #....h....#
#.........# #....Y>...#
#.........# #...@.....#
#.........# #.........#
#.........# #...8.....#
#.........# #.......Y.#
#.........# #.........#
#.........###...#####....
................# .....
..........###...# .....
#.........# #...# ......


You could see 2 yaks, a friendly warg (summoned) and a friendly lightning spire
(summoned).

Vanquished Creatures
  Harold (D:7)
  A shadow (D:6)
  3 yaks (D:9)
  A water moccasin (D:8)
  3 ice beasts
  2 sky beasts
  An ogre (D:4)
  A centaur (D:8)
  A phantom (D:5)
  A kobold brigand (D:8)
  A bullfrog (D:8)
  A scorpion (D:4)
  A water moccasin skeleton (D:7)
  5 wights
  A howler monkey (D:8)
  A hound (D:7)
  2 jellies
  Ijyb (D:4)
  5 orc wizards
  2 iguanas
  8 worker ants
  A howler monkey zombie (D:4)
  3 worker ant zombies
  3 gnolls (D:3)
  9 adders
  2 shadow imps
  2 ufetubi (D:8)
  An ooze (D:3)
  5 adder zombies (D:4)
  4 adder skeletons
  A worm (D:3)
  2 dart slugs
  2 leopard geckos (D:4)
  14 orcs
  A ball python (D:6)
  8 giant cockroaches
  3 goblins
  5 hobgoblins
  12 jackals
  2 quokkas
  A ball python skeleton (D:4)
  2 bats
  4 frilled lizards
  A giant cockroach zombie (D:4)
  A jackal skeleton (D:7)
  11 kobolds
  2 leopard gecko skeletons
  2 quokka skeletons
  A quokka zombie (D:6)
  3 rats
151 creatures vanquished.

Vanquished Creatures (collateral kills)
  Pikel (D:6)
  Maggie (D:6)
  An ice beast (D:8)
  3 ogres
  2 centaurs
  2 lemures (D:6)
  2 phantoms (D:6)
  A nameless horror (D:7)
  3 wights (D:7)
  2 centaur skeletons (D:4)
  2 orc priests
  A bullfrog skeleton (D:6)
  2 iguanas
  2 orc wizards
  A worker ant (D:7)
  A hound skeleton (D:7)
  3 gnolls (D:2)
  9 adders
  A white imp (D:6)
  An ooze (D:3)
  An adder skeleton (D:4)
  3 worms
  2 dart slugs
  5 leopard geckos
  18 orcs
  3 giant cockroaches
  4 goblins (D:2)
  3 hobgoblins
  8 jackals
  A quokka (D:6)
  5 bats
  A frilled lizard (D:4)
  A giant cockroach zombie (D:4)
  3 kobolds
  A leopard gecko skeleton (D:4)
100 creatures vanquished.

Vanquished Creatures (others)
  2 withered plants (D:4)
2 creatures vanquished.

Grand Total: 253 creatures vanquished

Notes
Turn   | Place    | Note
-------+----------+-------------------------------------------
     0 | D:1      | Nattfarinn the Barachi Summoner began the quest for the
                  | Orb.
     0 | D:1      | Reached XP level 1. HP: 13/13 MP: 3/3
   303 | D:1      | Reached skill level 5 in Summonings
   316 | D:1      | Reached XP level 2. HP: 20/20 MP: 1/5
   363 | D:1      | Learned a level 2 spell: Call Imp
   550 | D:1      | Reached skill level 1 in Armour
  1162 | D:2      | Found a broken altar of Ashenzari.
  1184 | D:2      | Reached XP level 3. HP: 25/25 MP: 6/6
  1402 | D:2      | Learned a level 3 spell: Call Canine Familiar
  1534 | D:2      | Reached skill level 1 in Fighting
  1663 | D:2      | Found a faded altar of an unknown god.
  1703 | D:2      | Found an ornate altar of the Wu Jian Council.
  2029 | D:2      | Reached XP level 4. HP: 31/32 MP: 6/8
  2152 | D:2      | Found a runed translucent door.
  2153 | D:2      | Noticed Crazy Yiuf
  2654 | D:3      | Reached skill level 6 in Summonings
  2742 | D:3      | Reached XP level 5. HP: 37/37 MP: 9/9
  3493 | D:4      | Found an ornate altar of the Wu Jian Council.
  3653 | D:4      | Noticed Ijyb
  3668 | D:4      | Killed Ijyb
  3669 | D:4      | Reached XP level 6. HP: 45/46 MP: 1/10
  3788 | D:4      | Found a white marble altar of Elyvilon.
  4157 | D:4      | Reached skill level 7 in Summonings
  4705 | D:4      | Learned a level 4 spell: Summon Ice Beast
  4727 | D:5      | Entered Level 5 of the Dungeon
  4924 | D:5      | Reached skill level 1 in Ice Magic
  5212 | D:5      | Found an opulent altar of Gozag.
  5328 | D:5      | Reached XP level 7. HP: 40/52 MP: 7/13
  5941 | D:6      | Found Nifalaoc's Assorted Antiques.
  5981 | D:6      | Found Amyrat's General Store.
  5992 | D:6      | Bought 8 curare-tipped darts for 52 gold pieces
  6094 | D:6      | Found a staircase to the Ecumenical Temple.
  6097 | D:6      | Noticed Maggie
  6104 | D:6      | HP: 2/52 [centaur/arrow (9)]
  6124 | D:6      | Gained mutation: You have a pair of small horns on your
                  | head. [potion of mutation]
  6124 | D:6      | Gained mutation: You have a pair of horns on your head.
                  | [potion of mutation]
  6125 | D:6      | Killed Maggie
  6139 | Temple   | Entered the Ecumenical Temple
  6360 | D:6      | Found Ydwagh's Armour Boutique.
  6417 | D:6      | Noticed Pikel
  6451 | D:6      | Killed Pikel
  6452 | D:6      | Reached skill level 5 in Spellcasting
  6452 | D:6      | Reached XP level 8. HP: 56/58 MP: 11/15
  6521 | D:6      | Noticed a shadow
  6531 | D:6      | Killed a shadow
  6982 | D:6      | Found Tig Ach's Distillery.
  7443 | D:6      | Found a radiant altar of Vehumet.
  7544 | D:7      | Reached skill level 1 in Shields
  7571 | D:7      | Got a pitted spear
  7572 | D:7      | Identified the +11 spear of the Lumpy Gods {freeze, rElec
                  | MP+9 Int+4 SInv} (You found it on level 7 of the Dungeon)
  7878 | D:7      | Reached skill level 1 in Polearms
  7992 | D:6      | Reached XP level 9. HP: 41/62 MP: 17/17
  8139 | D:7      | Found a snail-covered altar of Cheibriados.
  8145 | D:7      | Became a worshipper of Cheibriados the Contemplative
  8455 | D:7      | Noticed Harold
  8480 | D:7      | Killed Harold
  8481 | D:7      | Reached skill level 8 in Summonings
  8528 | D:7      | Found an ancient bone altar of Kikubaaqudgha.
  8693 | D:8      | Reached skill level 5 in Polearms
  8855 | D:8      | Found a shimmering blue altar of Sif Muna.
  8876 | D:8      | Reached skill level 9 in Summonings
  8878 | D:8      | Identified Sif Muna's Grimoire of Moulding
  8961 | D:8      | Reached * piety under Cheibriados
  9074 | D:8      | Found a shimmering altar of Xom.
  9081 | D:8      | Found a shimmering altar of Xom.
  9084 | D:8      | Found a shimmering altar of Xom.
  9084 | D:8      | Found a shimmering altar of Xom.
  9085 | D:8      | Found a shimmering altar of Xom.
  9085 | D:8      | Found a shimmering altar of Xom.
  9085 | D:8      | Found a shimmering altar of Xom.
  9090 | D:8      | Reached XP level 10. HP: 68/70 MP: 18/18
  9516 | D:8      | Reached ** piety under Cheibriados
  9618 | D:8      | Learned a level 4 spell: Summon Lightning Spire
  9798 | D:9      | Found Hubruata's Magic Scroll Shoppe.
  9819 | D:9      | Bought a scroll of identify for 28 gold pieces
  9819 | D:9      | Bought a scroll of immolation for 49 gold pieces
  9819 | D:9      | Bought a scroll of teleportation for 42 gold pieces
  9819 | D:9      | Bought a scroll of identify for 28 gold pieces
  9819 | D:9      | Bought a scroll of enchant armour for 105 gold pieces
  9819 | D:9      | Bought a scroll of fear for 49 gold pieces
  9819 | D:9      | Bought a scroll of fear for 49 gold pieces
  9819 | D:9      | Bought a scroll of teleportation for 42 gold pieces
  9819 | D:9      | Bought a scroll of identify for 28 gold pieces
  9819 | D:9      | Bought a scroll of noise for 14 gold pieces
  9888 | D:9      | HP: 1/70 [yak (10)]
  9894 | D:9      | Slain by a yak

Illustrated notes

Levels and vault maps discovered:
D:1:      roderic_dead_forest, layout_loops_ring, minmay_stone_trees_small,
          roderic_serpentine_path
D:2:      layout_loops_ring, ashenzari_conservatory_becter,
          chequers_ecumenical_altar_simple, lemuel_tele_altar,
          uniq_crazy_yiuf_cottage
D:3:      layout_basic, minmay_pentomino_pile
D:4:      minmay_polygon_palace, layout_basic, overflow_temple_1_default,
          old_standard_altar, serial_undead, serial_undead_e, serial_undead_a,
          serial_undead_b, serial_undead_c, serial_undead_d, serial_undead_e,
          serial_undead_c, uniq_ijyb
D:5:      layout_loops_ring, grunt_gozag_breadcrumbs
D:6:      layout_layer_cave, general_overflow_altar,
          minmay_temple_entry_drinking_statues, serial_shops, shop_coins, shop,
          shop, nicolae_shop_behind_doors, st_stairs_1, uniq_maggie, uniq_pikel
D:7:      layout_cave_pools, nicolae_overflow_crystal_walls, marbit_many_paths,
          uniq_harold
D:8:      layout_basic, led_sif_book, xom_redecorated, moated_statue,
          kennysheep_diamond
D:9:      layout_long_grid, nicolae_overflow_hidden_temple, serial_shops, shop
Temple:   nicolae_temple_x_marks_the_god

Skill      XL: |  1  2  3  4  5  6  7  8  9 10 |
---------------+-------------------------------+-----
Summonings     | 5 6 7 9 |  9.9
Armour         | 1 2 |  2.0
Fighting       | 1 2 3 |  3.1
Spellcasting   | 3 4 5 |  5.7
Ice Magic      | 1 6 7 |  7.2
Shields        | 4 |  4.0
Polearms       | 1 6 7 |  7.8
Dodging        | |  2.7
Stealth        | |  1.7

Action                   |  1- 3 |  4- 6 |  7- 9 | 10-12 || total
-------------------------+-------+-------+-------+-------++-------
Melee: Unarmed           |    10 |       |       |       ||    10
       Club              |    95 |    56 |       |       ||   151
       Dagger            |       |   243 |   104 |       ||   347
       Spear             |       |       |   130 |    59 ||   189
       Headbutt          |       |       |    17 |     8 ||    25
 Cast: Summon Small Mamm |    15 |       |     1 |       ||    16
       Call Imp          |     9 |    19 |     5 |       ||    33
       Call Canine Famil |     3 |    13 |    12 |     1 ||    29
       Summon Ice Beast  |       |       |    26 |     1 ||    27
       Summon Lightning  |       |       |       |     4 ||     4
 Abil: Hop               |       |       |     1 |       ||     1
  Use: Scroll            |       |     2 |     7 |     4 ||    13
       Potion            |       |       |     8 |     1 ||     9
 Stab: Sleeping          |     4 |     4 |     1 |     2 ||    11
       Distracted        |       |     1 |       |       ||     1
Armor: Robe              |    35 |       |       |       ||    35
       Leather armour    |       |    57 |     4 |       ||    61
       Swamp dragon scal |       |       |    40 |     8 ||    48
Dodge: Dodged            |   113 |   252 |    92 |    15 ||   472
Block: Buckler           |       |       |    11 |     8 ||    19

Table legend: (Time is in decaauts)
 A = Elapsed time spent in this place.
 B = Non-inter-level travel time spent in this place.
 C = Inter-level travel time spent in this place.
 D = Time resting spent in this place.
 E = Time spent auto-exploring this place.
 F = Levels seen in this place.
 G = Mean time per level.
                   A        B        C        D        E       F      G
               +--------+--------+--------+--------+--------+-----+--------+
         Total |  11647 |  11164 |    483 |   1215 |   7758 |  10 | 1164.7 |
       Dungeon |  11493 |  11021 |    472 |   1145 |   7689 |   9 | 1277.0 |
        Temple |    154 |    144 |     10 |     70 |     69 |   1 |  154.0 |
               +--------+--------+--------+--------+--------+-----+--------+

Top non-repeatable levels by time:
     D:6: 1907 daAuts
     D:4: 1705 daAuts
     D:2: 1498 daAuts
     D:8: 1480 daAuts
     D:5: 1245 daAuts
     D:7: 1171 daAuts
     D:1: 1139 daAuts
     D:3: 1010 daAuts
     D:9: 335 daAuts
  Temple: 154 daAuts
